 Dungeon Crawl Stone Soup version 0.23-a0-767-gdc19b93 (console) character file.

133 Duffy the Chopper (level 5, 13/49 HPs)
             Began as a Naga Fighter on Jan 19, 2019.
             Quit the game on level 3 of the Dungeon.
             The game lasted 00:02:07 (2041 turns).

Duffy the Chopper (Naga Fighter)                    Turns: 2041, Time: 00:02:08

Health: 13/49      AC:  8    Str: 19    XL:     5   Next: 16%
Magic:  14/14      EV:  5    Int:  4    God:
Gold:   55         SH:  9    Dex: 10    Spells: 4/4 levels left

rFire    + . .     SeeInvis +   a - +0 war axe
rCold    + . .     Gourm    .   c - +0 shield
rNeg     . . .     Faith    .   b - +0 scale mail
rPois    +         Spirit   .   s - +1 helmet "Rihehi" {rF+ rCorr Int-5 SInv}
rElec    .         Reflect  .   (no cloak)
rCorr    +         Harm     .   o - +0 pair of gloves
MR       .....                  (no barding)
Stlth    ..........             (no amulet)
HPRegen  0.16/turn              j - ring of protection from cold
MPRegen  0.14/turn              p - ring of magical power

@: very slow
A: large, see invisible, deformed body, poison resistance, slowness 2, slow
metabolism 1, spit poison 1, AC +1
a: Spit Poison


You were on level 3 of the Dungeon.
You were not hungry.

You visited 1 branch of the dungeon, and saw 3 of its levels.

You collected 55 gold pieces.

Inventory:

Hand Weapons
 a - a +0 war axe (weapon)
Armour
 b - a +0 scale mail (worn)
 c - a +0 shield (worn)
 o - a +0 pair of gloves (worn)
 s - the +1 helmet "Rihehi" (worn) {rF+ rCorr Int-5 SInv}
   (You took it off Robin on level 3 of the Dungeon)

   It affects your intelligence (-5).
   It protects you from fire.
   It lets you see invisible.
   It provides partial protection from all sources of acid and corrosion.
Jewellery
 j - a ring of protection from cold (left hand)
 p - a ring of magical power (right hand)
Wands
 n - a wand of disintegration (7)
Scrolls
 e - 2 scrolls of amnesia {unknown}
 g - 2 scrolls of identify {unknown}
 i - 4 scrolls of teleportation {unknown}
 k - a scroll of noise {unknown}
 l - 2 scrolls of remove curse {unknown}
 q - a scroll of enchant armour {unknown}
Potions
 d - a potion of might
 h - a potion of lignification {unknown}
 m - 2 potions of mutation {unknown}
Comestibles
 f - 5 rations
 r - a chunk of flesh


   Skills:
 - Level 3.0 Fighting
 + Level 3.9 Axes
 - Level 2.4 Armour
 + Level 3.7 Shields


You had 4 spell levels left.
You didn't know any spells.
Your spell library was empty.

Dungeon Overview and Level Annotations

Branches:
Dungeon (3/15)

Altars:

Annotations:
D:2 Dig


Innate Abilities, Weirdness & Mutations

You cannot wear boots.
Your serpentine skin is tough. (AC +1)
You have supernaturally acute eyesight. (SInv)
Armour fits poorly on your strangely shaped body.
Your system is resistant to poisons. (rPois)
You cover ground very slowly.
You have a slow metabolism.
You can spit poison.


Message History

Items here: %%% ( ) a +0 hunting sling; 10 stones; a goblin corpse x3
A giant cockroach comes into view.
You block the giant cockroach's attack.
Items here: %%%%%% ( )))) [ You closely miss the giant cockroach.
You block the giant cockroach's attack.
The giant cockroach bites you but does no damage.
You are too injured to fight recklessly!
You completely miss the giant cockroach.
The giant cockroach bites you.
You closely miss the giant cockroach. You block the giant cockroach's attack.
The giant cockroach bites you.
You hit the giant cockroach but do no damage.
The giant cockroach bites you.
The giant cockroach bites you but does no damage.
You slash the giant cockroach!
You kill the giant cockroach!
Wear which item? (? for menu, Esc to quit)
Okay, then.
Are you sure you want to abandon this character and quit the game? (Confirm with "yes".)

# #.##########
#..@).)#.%.#
......####)#.#.#
##### #...#.#
#####.# #.# #.#
#.########
#........#
########.#


There were no monsters in sight!

Vanquished Creatures
  A scorpion (D:2)
  Robin (D:3)
  2 adders (D:2)
  A dart slug (D:1)
  An orc (D:3)
  3 giant cockroaches
  19 goblins
  6 hobgoblins
  3 kobolds (D:1)
  A quokka (D:3)
  6 bats
  2 frilled lizards
  3 rats
49 creatures vanquished.

Notes
Turn   | Place    | Note
-------+----------+-------------------------------------------
     0 | D:1      | Duffy the Naga Fighter began the quest for the Orb.
     0 | D:1      | Reached XP level 1. HP: 21/21 MP: 1/1
    83 | D:1      | Reached XP level 2. HP: 11/28 MP: 2/2
   804 | D:1      | Reached XP level 3. HP: 34/34 MP: 3/3
  1308 | D:2      | Noticed a scorpion
  1319 | D:2      | Killed a scorpion
  1319 | D:2      | Reached XP level 4. HP: 35/42 MP: 4/4
  2001 | D:3      | Identified the +1 helmet "Rihehi" {rF+ rCorr Int-5 SInv}
  2001 | D:3      | Noticed Robin
  2011 | D:3      | Reached XP level 5. HP: 29/49 MP: 5/5
  2021 | D:3      | Killed Robin
  2041 | D:3      | Quit the game

Vault maps used:
D:1:      scummos_arrival_star, chequers_serial_rivers_marsh,
          chequers_serial_rivers_micro_d
D:2:      serial_glass, glass_columns_a, glass_columns_a, feat_on_display,
          minmay_strange_pillars, item_on_display_a, due_unseen_surprise,
          chequers_avenue, kennysheep_minor_cross, roderic_serpentine_path
D:3:      tso_oasis_becter, first_ration, uniq_robin, uniq_sigmund

Skill      XL: |  1  2  3 |
---------------+----------+-----
Shields        | 3 |  3.7
Axes           | 3 |  3.9
Fighting       | |  3.0
Armour         | |  2.4

Action                   |  1- 3 |  4- 6 || total
-------------------------+-------+-------++-------
Melee: War axe           |   100 |    52 ||   152
 Abil: Spit Poison       |     4 |     1 ||     5
  Eat: Chunk             |     1 |     2 ||     3
Armor: Scale mail        |    49 |    37 ||    86
Dodge: Dodged            |    34 |    10 ||    44
Block: Shield            |    70 |    30 ||   100

Table legend:
 A = Non-vault XP
 B = Vault XP
 C = Vault XP percentage of total XP
 D = Non-vault monster count
 E = Vault monster count
 F = Vault count percentage of total count
                 A         B        C        D         E       F
            +---------+---------+-------+---------+---------+-------
      Total |     155 |      36 |  18.8 |      37 |      12 |  24.5
            +---------+---------+-------+---------+---------+-------
        D:1 |      34 |       0 |   0.0 |      18 |       0 |   0.0
        D:2 |     109 |       0 |   0.0 |      13 |       0 |   0.0
        D:3 |      12 |      36 |  75.0 |       6 |      12 |  66.7
            +---------+---------+-------+---------+---------+-------
